Moose vs Rocket
(R1)
Created - April 29, 2021 at 19:00
Goals
|
| Moose |
1 |
2 |
0 |
3 |
| Rocket |
3 |
5 |
0 |
8 |
|
Shots
|
| Moose |
5 |
13 |
5 |
23 |
| Rocket |
7 |
18 |
8 |
33 |
|
1st period
1. Rocket , Jonathan Matsumoto 11 (Mattias Tedenby 45, Brian Dumoulin 53) at 2:08
2. Moose , Nicolas Petan 7 (Dwight King 20, Troy Stetcher 36) at 4:23
3. Rocket , Jiri Sekac 19 (Brian Dumoulin 54) at 11:36
4. Rocket , Mattias Tedenby 30 (Tyler Pitlick 35, Jonathan Matsumoto 10) at 17:45
Penalties :
Danton Heinen (Lav) for Hooking (Minor) at 4:36, Andrey Pedan (Lav) for Roughing (Minor) at 12:09
2nd period
5. Moose , Vince Hinostroza 24 (Nikolaj Ehlers 39, John Marino 3) at 8:12
6. Rocket , Nick Ritchie 37 (Corey Trivino 41) at 8:54
7. Rocket , Tyler Pitlick 35 (Mattias Tedenby 46, Jonathan Matsumoto 11) at 10:36
8. Rocket , Mattias Tedenby 31 (Alex Petrovic 38, Brian Dumoulin 55) at 11:14
9. Rocket , Brian Dumoulin 8 (Alex Petrovic 39, Corey Trivino 42) at 17:56
10. Rocket , Corey Trivino 22 (Nick Ritchie 30) at 18:47
11. Moose , Nikolaj Ehlers 33 (Dominik Kahun 28, Vince Hinostroza 25) at 18:53
Penalties :
Adrian Kempe (Lav) for Holding Stick (Minor) at 0:56
3rd period
No Goal
Penalties :
Peter Holland (Lav) for Fighting (Major) at 1:57, Cedric Paquette (Man) for Fighting (Major) at 1:57, Vladislav Gavrikov (Man) for Tripping (Minor) at 3:29, Vladislav Gavrikov (Man) for Roughing (Minor) at 8:37, Vince Hinostroza (Man) for Interference (Minor) at 11:45, Danton Heinen (Lav) for Hooking (Minor) at 17:10
Goalie Stats
Joey Daccord (Man), 2 saves from 6 shots - (0.333), 9:53 minutes
Magnus Hellberg (Man), 23 saves from 27 shots - (0.852), L, 20-13-2, 50:07 minutes
Jean-Francois Berube (Lav), 20 saves from 23 shots - (0.870), W, 19-12-5, 60:00 minutes
Players Stats for Moose
Player Name G A P +/- PIM S H SB GA TA FO MP PP MP PK MP
------------------------------------------------------------------------------------
Alexandre Carrier 0 0 0 -3 0 0 0 0 0 0 0/0 20:10 3:13 1:21
Brendan Perlini 0 0 0 -4 0 1 3 0 0 1 0/0 13:27 3:41 0:00
Cedric Paquette 0 0 0 -4 5 1 2 1 0 0 2/6 10:38 0:00 1:49
Dominik Kahun 0 1 1 0 0 3 0 0 0 0 18/36 22:20 4:09 2:11
Dwight King 0 1 1 -1 0 3 3 1 0 0 0/1 19:16 4:09 2:18
Iiro Pakarinen 0 0 0 -1 0 3 1 1 1 0 0/0 17:02 3:41 0:00
John Marino 0 1 1 1 0 0 1 0 0 0 0/0 13:01 0:00 0:15
Josh Bailey 0 0 0 -4 0 0 1 0 0 0 0/0 9:54 0:03 0:21
Ludwig Bystrom 0 0 0 -3 0 3 1 0 1 0 0/0 21:18 4:43 3:40
Matthew Benning 0 0 0 0 0 0 0 0 0 0 0/0 15:37 0:00 2:30
Mitchell Stephens 0 0 0 0 0 0 0 0 0 0 2/2 7:54 0:00 0:02
Nathan Walker 0 0 0 0 0 0 1 0 0 0 0/0 8:04 0:09 0:00
Nicolas Petan 1 0 1 -1 0 3 0 0 0 0 7/11 16:36 3:41 0:00
Nikolaj Ehlers 1 1 2 0 0 2 0 0 0 0 2/3 16:35 0:06 0:48
Nikolay Goldobin 0 0 0 0 0 0 0 0 1 0 0/1 10:06 0:00 2:15
Troy Stetcher 0 1 1 -3 0 0 1 3 0 0 0/0 26:20 4:43 3:04
Vince Hinostroza 1 1 2 0 2 4 2 0 0 0 0/3 22:03 4:09 2:10
Vladislav Gavrikov 0 0 0 -2 4 0 2 1 1 0 0/0 23:38 3:13 1:04
Players Stats for Rocket
Player Name G A P +/- PIM S H SB GA TA FO MP PP MP PK MP
------------------------------------------------------------------------------------
Adrian Kempe 0 0 0 0 2 4 2 1 0 0 1/2 17:23 3:07 0:00
Alex Petrovic 0 2 2 4 0 2 0 1 0 2 0/0 26:59 3:10 3:38
Andrei Mironov 0 0 0 0 0 1 0 1 0 0 0/0 17:45 2:47 1:03
Andrey Pedan 0 0 0 1 2 0 1 2 0 0 0/0 15:15 0:00 3:15
Anthony Nigro 0 0 0 -1 0 0 2 1 0 0 3/8 10:58 0:00 4:17
Brian Dumoulin 1 3 4 4 0 2 2 0 0 0 0/0 26:59 3:10 3:38
Corey Trivino 1 2 3 2 0 2 0 0 0 0 8/14 17:02 2:40 0:00
Daniel Sprong 0 0 0 -1 0 0 0 0 0 0 0/0 6:52 0:13 0:00
Danton Heinen 0 0 0 0 4 3 1 0 0 0 0/0 17:30 3:07 0:00
Jack Glover 0 0 0 1 0 0 0 1 0 0 0/0 16:23 0:00 4:18
Jiri Sekac 1 0 1 -1 0 2 1 1 0 0 0/0 8:12 0:13 1:06
Jonathan Matsumoto 1 2 3 4 0 1 4 0 1 1 3/7 14:58 1:16 2:36
Mattias Tedenby 2 2 4 4 0 4 3 0 0 0 1/2 14:47 0:00 3:08
Nick Ritchie 1 1 2 2 0 5 3 1 0 0 0/1 16:50 2:37 0:00
Peter Holland 0 0 0 0 5 2 1 0 0 0 15/27 15:51 2:01 0:31
Tom Wilson 0 0 0 2 0 3 3 0 0 1 0/1 14:13 0:00 0:00
Tyler Pitlick 1 1 2 4 0 2 1 0 0 0 1/1 17:24 2:37 4:14
Viktor Loov 0 0 0 0 0 0 2 0 0 0 0/0 16:38 2:47 0:00
3 Stars
1 - Mattias Tedenby (Lav)
2 - Brian Dumoulin (Lav)
3 - Jonathan Matsumoto (Lav)
Power Play
Moose - 0 on 4 Attempt(s) - 0.00%
Rocket - 0 on 3 Attempt(s) - 0.00%
Penalty Kill
Moose - 3 on 3 Attempt(s) - 100.00%
- Score 0 goal in Penalty Kill
Rocket - 4 on 4 Attempt(s) - 100.00%
- Score 0 goal in Penalty Kill
Team Stat
Moose - Hits : 18 - Faceoff Wins : 31 - Blocked Shots : 7 - Penalty Minutes : 11
Rocket - Hits : 26 - Faceoff Wins : 32 - Blocked Shots : 9 - Penalty Minutes : 13
Official
Referees : Unknown
Linesman : Unknown
Game Notes
Joey Daccord enters game at 8:54 of 2nd period
Magnus Hellberg enters game at 18:47 of 2nd period
Peter Holland and Cedric Paquette fight to a draw at 1:57 of 3rd period
Finance
Level 1 -- Attendance: 2000 (100.00%) -- Ticket Income $40,000
Level 2 -- Attendance: 930 (93.00%) -- Ticket Income $12,090
Total Attendance: 2930 (97.67%)
Total Ticket Income: $52,090
Other Income: $2,604
Total Income: $54,694
Moose
5 vs 5 Forward
Center Left Wing Right Wing Time % Phy DF OF
1 Dominik Kahun Nikolaj Ehlers Vince Hinostroza 40 0 1 4
2 Nicolas Petan Dwight King Iiro Pakarinen 30 0 1 4
3 Cedric Paquette Brendan Perlini Josh Bailey 20 3 0 2
4 Mitchell Stephens Nathan Walker Nikolay Goldobin 10 0 2 3
5 vs 5 Defense
Defense Defense Time % Phy DF OF
1 Vladislav Gavrikov Troy Stetcher 40 1 3 1
2 Alexandre Carrier Ludwig Bystrom 35 1 3 1
3 Matthew Benning John Marino 25 1 1 3
4 Troy Stetcher Matthew Benning 0 1 2 2
PowerPlay Forward
Center Left Wing Right Wing Time % Phy DF OF
1 Dominik Kahun Dwight King Vince Hinostroza 60 0 1 4
2 Nicolas Petan Brendan Perlini Iiro Pakarinen 40 0 1 4
PowerPlay Defense
Defense Defense Time % Phy DF OF
1 Ludwig Bystrom Troy Stetcher 60 0 1 4
2 Vladislav Gavrikov Alexandre Carrier 40 0 1 4
Penalty Kill 4 Players Forward
Center Wing Time % Phy DF OF
1 Cedric Paquette Vince Hinostroza 60 1 3 1
2 Josh Bailey Nikolay Goldobin 40 1 3 1
Penalty Kill 4 Players Defense
Defense Defense Time % Phy DF OF
1 Matthew Benning Ludwig Bystrom 60 1 4 0
2 Vladislav Gavrikov Troy Stetcher 40 1 4 0
Penalty Kill - 3 Players Forward
Forward Time % Phy DF OF
1 Josh Bailey 60 0 4 1
2 Vince Hinostroza 40 0 4 1
Penalty Kill - 3 Players Defense
Defense Defense Time % Phy DF OF
1 Matthew Benning Vladislav Gavrikov 60 1 3 1
2 Troy Stetcher Ludwig Bystrom 40 1 3 1
4 vs 4 Forward
Center Wing Time % Phy DF OF
1 Dominik Kahun Dwight King 60 1 2 2
2 Cedric Paquette Vince Hinostroza 40 1 2 2
4 vs 4 Defense
Defense Defense Time % Phy DF OF
1 Troy Stetcher Ludwig Bystrom 60 1 2 2
2 Matthew Benning Vladislav Gavrikov 40 1 2 2
Last Minutes Offensive
Center Left Wing Right Wing Defense Defense
Dominik Kahun Nikolaj Ehlers Vince Hinostroza Ludwig Bystrom Troy Stetcher
Last Minutes Defensive
Center Left Wing Right Wing Defense Defense
Cedric Paquette Dwight King Vince Hinostroza Vladislav Gavrikov Troy Stetcher
Goaltenders
Starting : Magnus Hellberg
Backup : Joey Daccord
Extra Forwards
Normal : Dwight King, Iiro Pakarinen, Vince Hinostroza - PP : Nathan Walker, Brendan Perlini - PK : Nikolay Goldobin
Extra Defensemen
Normal : Alexandre Carrier, Vladislav Gavrikov, Ludwig Bystrom - PP : Alexandre Carrier - PK : Ludwig Bystrom, Vladislav Gavrikov
Penalty Shots
Nikolay Goldobin, Nathan Walker, Iiro Pakarinen, Brendan Perlini, Cedric Paquette
Scratches
Nicklas Jensen (Healthy), Jeremy Bracco (Healthy), Colin White (Healthy), Sami Niku (Healthy), David Kase (Healthy)
Jansen Harkins (Healthy), John Hayden (Healthy), Mackenzie MacEachern (Healthy), Mirco Mueller (Bruised Right Arm Injury), Jesse Graham (Healthy)
Jayce Hawryluk (Healthy), Oskar Lindblom (Healthy), Ryan Collins (Healthy), William Lagesson (Healthy), Philippe Desrosiers (Healthy)
Rocket
5 vs 5 Forward
Center Left Wing Right Wing Time % Phy DF OF
1 Peter Holland Adrian Kempe Danton Heinen 35 0 1 4
2 Corey Trivino Nick Ritchie Tom Wilson 35 0 1 4
3 Jonathan Matsumoto Tyler Pitlick Mattias Tedenby 25 0 1 4
4 Anthony Nigro Jiri Sekac Daniel Sprong 5 0 3 2
5 vs 5 Defense
Defense Defense Time % Phy DF OF
1 Alex Petrovic Brian Dumoulin 40 1 2 2
2 Andrei Mironov Viktor Loov 30 1 2 2
3 Jack Glover Andrey Pedan 20 1 2 2
4 Alex Petrovic Brian Dumoulin 10 1 2 2
PowerPlay Forward
Center Left Wing Right Wing Time % Phy DF OF
1 Peter Holland Adrian Kempe Danton Heinen 60 0 0 5
2 Corey Trivino Nick Ritchie Tyler Pitlick 40 0 0 5
PowerPlay Defense
Defense Defense Time % Phy DF OF
1 Brian Dumoulin Alex Petrovic 60 0 1 4
2 Andrei Mironov Viktor Loov 40 0 1 4
Penalty Kill 4 Players Forward
Center Wing Time % Phy DF OF
1 Anthony Nigro Tyler Pitlick 60 1 4 0
2 Jonathan Matsumoto Mattias Tedenby 40 1 4 0
Penalty Kill 4 Players Defense
Defense Defense Time % Phy DF OF
1 Jack Glover Andrey Pedan 60 1 4 0
2 Brian Dumoulin Alex Petrovic 40 1 4 0
Penalty Kill - 3 Players Forward
Forward Time % Phy DF OF
1 Corey Trivino 60 0 5 0
2 Jonathan Matsumoto 40 0 5 0
Penalty Kill - 3 Players Defense
Defense Defense Time % Phy DF OF
1 Andrei Mironov Alex Petrovic 60 0 5 0
2 Jack Glover Andrey Pedan 40 0 5 0
4 vs 4 Forward
Center Wing Time % Phy DF OF
1 Anthony Nigro Adrian Kempe 60 0 2 3
2 Jonathan Matsumoto Mattias Tedenby 40 0 2 3
4 vs 4 Defense
Defense Defense Time % Phy DF OF
1 Viktor Loov Brian Dumoulin 60 0 2 3
2 Andrey Pedan Jack Glover 40 0 2 3
Last Minutes Offensive
Center Left Wing Right Wing Defense Defense
Corey Trivino Adrian Kempe Danton Heinen Brian Dumoulin Alex Petrovic
Last Minutes Defensive
Center Left Wing Right Wing Defense Defense
Peter Holland Tyler Pitlick Mattias Tedenby Alex Petrovic Andrei Mironov
Goaltenders
Starting : Jean-Francois Berube
Backup : Joni Ortio
Extra Forwards
Normal : Adrian Kempe, Danton Heinen, Mattias Tedenby - PP : Danton Heinen, Adrian Kempe - PK : Mattias Tedenby
Extra Defensemen
Normal : Brian Dumoulin, Alex Petrovic, Andrey Pedan - PP : Brian Dumoulin - PK : Andrei Mironov, Alex Petrovic
Penalty Shots
Mattias Tedenby, Adrian Kempe, Danton Heinen, Corey Trivino, Nick Ritchie
Scratches
Dean Kukan (Healthy), Mason Appleton (Healthy), Guillaume Brisebois (Healthy), Tyler Lewington (Healthy), Tobias Lindberg (Healthy)
Scott Glennie (Healthy), Ty Rattie (Healthy), Charles Hudon (Healthy), Sergey Tolchinsky (Healthy), Jakub Vrana (Healthy)
Dominic Turgeon (Healthy), Ryan MacInnis (Healthy)
% Time on Ice - Moose
Lines # - Real PCT - Wanted PCT - Time Play
Normal Forward
1 - 34% - 40% - 15:51
2 - 28% - 30% - 12:55
3 - 21% - 20% - 9:30
4 - 17% - 10% - 7:51
Normal Defense
1 - 39% - 40% - 17:48
2 - 33% - 35% - 15:12
3 - 27% - 25% - 12:21
4 - 2% - 0% - 0:46
PP Forward
1 - 54% - 60% - 4:15
2 - 46% - 40% - 3:41
PP Defense
1 - 59% - 60% - 4:43
2 - 41% - 40% - 3:13
PK Forward
1 - 94% - 60% - 5:36
2 - 6% - 40% - 0:21
PK Defense
1 - 44% - 60% - 2:38
2 - 56% - 40% - 3:19
PK3 Forward
1 - 0% - 60%
2 - 0% - 40%
PK3 Defense
1 - 0% - 60%
2 - 0% - 40%
44 Forward
1 - 0% - 60%
2 - 0% - 40%
44 Defense
1 - 0% - 60%
2 - 0% - 40%
Last Minute Offensive - 0:00
Last Minute Defensive - 0:00
Total
Forward - 60:00
Defense - 60:00
|
% Time on Ice - Rocket
Lines # - Real PCT - Wanted PCT - Time Play
Normal Forward
1 - 31% - 35% - 14:16
2 - 31% - 35% - 14:31
3 - 23% - 25% - 10:43
4 - 14% - 5% - 6:37
Normal Defense
1 - 38% - 40% - 17:23
2 - 32% - 30% - 14:45
3 - 25% - 20% - 11:42
4 - 5% - 10% - 2:17
PP Forward
1 - 56% - 60% - 3:20
2 - 44% - 40% - 2:37
PP Defense
1 - 53% - 60% - 3:10
2 - 47% - 40% - 2:47
PK Forward
1 - 67% - 60% - 5:20
2 - 33% - 40% - 2:36
PK Defense
1 - 54% - 60% - 4:18
2 - 46% - 40% - 3:38
PK3 Forward
1 - 0% - 60%
2 - 0% - 40%
PK3 Defense
1 - 0% - 60%
2 - 0% - 40%
44 Forward
1 - 0% - 60%
2 - 0% - 40%
44 Defense
1 - 0% - 60%
2 - 0% - 40%
Last Minute Offensive - 0:00
Last Minute Defensive - 0:00
Total
Forward - 60:00
Defense - 60:00
|
Play-by-Play
1st period
0:01 of 1st period - Dominik Kahun wins face-off versus Peter Holland in neutral zone.
1:00 of 1st period - Wrist shot by Tyler Pitlick.
1:00 of 1st period - Shot Misses the Net.
1:13 of 1st period - Icing by Anthony Nigro.
1:14 of 1st period - Cedric Paquette wins face-off versus Anthony Nigro in Rocket zone.
1:17 of 1st period - Wrist shot by Josh Bailey.
1:17 of 1st period - Deflect By Brendan Perlini.
1:17 of 1st period - Shot Blocked by Anthony Nigro.
1:17 of 1st period - Puck is out of play.
1:18 of 1st period - Corey Trivino wins face-off versus Nikolaj Ehlers in Rocket zone.
2:06 of 1st period - Wrist shot by Mattias Tedenby.
2:06 of 1st period - Shot Blocked by Cedric Paquette.
2:08 of 1st period - Slapshot by Jonathan Matsumoto.
2:08 of 1st period - Goal by Jonathan Matsumoto - Moose : 0 - Rocket : 1.
2:09 of 1st period - Dominik Kahun wins face-off versus Nick Ritchie in neutral zone.
2:34 of 1st period - Vince Hinostroza is hit by Mattias Tedenby and loses puck.
3:29 of 1st period - Snap shot by Dwight King.
3:29 of 1st period - Stopped by Jean-Francois Berube with a rebound.
3:39 of 1st period - Snap shot by Josh Bailey.
3:39 of 1st period - Shot Blocked by Jack Glover.
4:23 of 1st period - Snap shot by Dwight King.
4:23 of 1st period - Deflect By Nicolas Petan.
4:23 of 1st period - Goal by Nicolas Petan - Moose : 1 - Rocket : 1.
4:24 of 1st period - Nicolas Petan wins face-off versus Peter Holland in neutral zone.
4:36 of 1st period - Minor Penalty to Danton Heinen for Hooking.
4:37 of 1st period - Anthony Nigro wins face-off versus Dominik Kahun in Rocket zone.
5:38 of 1st period - Icing by Dwight King.
5:39 of 1st period - Mattias Tedenby wins face-off versus Dominik Kahun in Moose zone.
5:56 of 1st period - Wrist shot by Nicolas Petan.
5:56 of 1st period - Stopped by Jean-Francois Berube with a rebound.
5:58 of 1st period - Wrist shot by Iiro Pakarinen.
5:58 of 1st period - Shot Misses the Net.
6:36 of 1st period - Penalty to Danton Heinen is over, Danton Heinen is back on ice.
6:41 of 1st period - Brian Dumoulin is hit by Brendan Perlini and loses puck.
7:32 of 1st period - Anthony Nigro is hit by Nathan Walker and loses puck.
8:13 of 1st period - Ludwig Bystrom is hit by Tom Wilson and loses puck.
9:52 of 1st period - Off-side.
9:53 of 1st period - Tyler Pitlick wins face-off versus Cedric Paquette in neutral zone.
10:00 of 1st period - Troy Stetcher is hit by Jonathan Matsumoto and loses puck.
10:08 of 1st period - Off-side.
10:09 of 1st period - Peter Holland wins face-off versus Dominik Kahun in neutral zone.
10:17 of 1st period - Wrist shot by Danton Heinen.
10:17 of 1st period - Stopped by Magnus Hellberg with a rebound.
10:41 of 1st period - Snap shot by Iiro Pakarinen.
10:41 of 1st period - Shot Misses the Net.
10:59 of 1st period - Brendan Perlini is hit by Tyler Pitlick and loses puck.
11:26 of 1st period - Wrist shot by Adrian Kempe.
11:26 of 1st period - Shot Blocked by Troy Stetcher.
11:36 of 1st period - Wrist shot by Jiri Sekac.
11:36 of 1st period - Goal by Jiri Sekac - Moose : 1 - Rocket : 2.
11:37 of 1st period - Corey Trivino wins face-off versus Dominik Kahun in neutral zone.
11:46 of 1st period - Slapshot by Corey Trivino.
11:46 of 1st period - Shot Misses the Net.
11:48 of 1st period - Slapshot by Nick Ritchie.
11:48 of 1st period - Stopped by Magnus Hellberg with a rebound.
12:07 of 1st period - Snap shot by Dwight King.
12:07 of 1st period - Shot Blocked by Adrian Kempe.
12:09 of 1st period - Minor Penalty to Andrey Pedan for Roughing.
12:10 of 1st period - Dominik Kahun wins face-off versus Anthony Nigro in Rocket zone.
13:18 of 1st period - Alex Petrovic is hit by Dwight King and loses puck.
14:09 of 1st period - Penalty to Andrey Pedan is over, Andrey Pedan is back on ice.
14:55 of 1st period - Mitchell Stephens is hit by Brian Dumoulin and loses puck.
15:18 of 1st period - Matthew Benning is hit by Jonathan Matsumoto and loses puck.
15:23 of 1st period - Snap shot by Tyler Pitlick.
15:23 of 1st period - Stopped by Magnus Hellberg with a rebound.
15:46 of 1st period - John Marino is hit by Nick Ritchie and loses puck.
16:09 of 1st period - Wrist shot by Jiri Sekac.
16:09 of 1st period - Shot Misses the Net.
16:11 of 1st period - Slapshot by Anthony Nigro.
16:11 of 1st period - Shot Misses the Net.
16:32 of 1st period - Brendan Perlini is hit by Danton Heinen and loses puck.
16:43 of 1st period - Troy Stetcher is hit by Mattias Tedenby and loses puck.
16:55 of 1st period - Mattias Tedenby is hit by John Marino and loses puck.
17:06 of 1st period - Matthew Benning is hit by Viktor Loov.
17:10 of 1st period - Andrei Mironov is hit by Brendan Perlini and loses puck.
17:30 of 1st period - Brendan Perlini is hit by Jonathan Matsumoto and loses puck.
17:45 of 1st period - Snap shot by Mattias Tedenby.
17:45 of 1st period - Goal by Mattias Tedenby - Moose : 1 - Rocket : 3.
17:46 of 1st period - Peter Holland wins face-off versus Dominik Kahun in neutral zone.
18:11 of 1st period - Dominik Kahun is hit by Nick Ritchie and loses puck.
18:32 of 1st period - Wrist shot by Dwight King.
18:32 of 1st period - Shot Misses the Net.
18:34 of 1st period - Slapshot by Iiro Pakarinen.
18:34 of 1st period - Shot Blocked by Jiri Sekac.
18:36 of 1st period - Slapshot by Alexandre Carrier.
18:36 of 1st period - Shot Blocked by Andrey Pedan.
18:38 of 1st period - Wrist shot by Iiro Pakarinen.
18:38 of 1st period - Stopped by Jean-Francois Berube with a rebound.
18:40 of 1st period - Wrist shot by Dwight King.
18:40 of 1st period - Stopped by Jean-Francois Berube with a rebound.
19:40 of 1st period - Slapshot by Jiri Sekac.
19:40 of 1st period - Stopped by Magnus Hellberg without a rebound.
19:41 of 1st period - Mitchell Stephens wins face-off versus Anthony Nigro in Moose zone.
Goals for this period are 1 for Moose vs 3 for Rocket.
Shots for this period are 5 for Moose vs 7 for Rocket.
2nd period
0:01 of 2nd period - Dominik Kahun wins face-off versus Corey Trivino in neutral zone.
0:15 of 2nd period - Snap shot by Nick Ritchie.
0:15 of 2nd period - Shot Misses the Net.
0:27 of 2nd period - Peter Holland is hit by Dwight King and loses puck.
0:34 of 2nd period - Wrist shot by Iiro Pakarinen.
0:34 of 2nd period - Stopped by Jean-Francois Berube without a rebound.
0:35 of 2nd period - Peter Holland wins face-off versus Dwight King in Rocket zone.
0:56 of 2nd period - Minor Penalty to Adrian Kempe for Holding Stick.
0:57 of 2nd period - Dominik Kahun wins face-off versus Anthony Nigro in Rocket zone.
1:13 of 2nd period - Slapshot by Troy Stetcher.
1:13 of 2nd period - Shot Blocked by Andrey Pedan.
1:23 of 2nd period - Iiro Pakarinen is hit by Mattias Tedenby and loses puck.
1:55 of 2nd period - Icing by Alexandre Carrier.
1:56 of 2nd period - Nicolas Petan wins face-off versus Anthony Nigro in Moose zone.
2:03 of 2nd period - Wrist shot by Vince Hinostroza.
2:03 of 2nd period - Stopped by Jean-Francois Berube with a rebound.
2:39 of 2nd period - Slapshot by Ludwig Bystrom.
2:39 of 2nd period - Stopped by Jean-Francois Berube without a rebound.
2:40 of 2nd period - Anthony Nigro wins face-off versus Dominik Kahun in Rocket zone.
2:40 of 2nd period - Anthony Nigro is hit by Vladislav Gavrikov.
2:56 of 2nd period - Penalty to Adrian Kempe is over, Adrian Kempe is back on ice.
3:12 of 2nd period - Snap shot by Tom Wilson.
3:12 of 2nd period - Stopped by Magnus Hellberg with a rebound.
3:14 of 2nd period - Snap shot by Nick Ritchie.
3:14 of 2nd period - Deflect By Tom Wilson.
3:14 of 2nd period - Stopped by Magnus Hellberg without a rebound.
3:15 of 2nd period - Dominik Kahun wins face-off versus Tom Wilson in Moose zone.
3:20 of 2nd period - Alex Petrovic is hit by Vince Hinostroza and loses puck.
3:27 of 2nd period - Wrist shot by Brian Dumoulin.
3:27 of 2nd period - Stopped by Magnus Hellberg without a rebound.
3:28 of 2nd period - Peter Holland wins face-off versus Dominik Kahun in Moose zone.
3:31 of 2nd period - Snap shot by Adrian Kempe.
3:31 of 2nd period - Stopped by Magnus Hellberg without a rebound.
3:32 of 2nd period - Dominik Kahun wins face-off versus Peter Holland in Moose zone.
3:43 of 2nd period - Snap shot by Nikolaj Ehlers.
3:43 of 2nd period - Shot Misses the Net.
4:00 of 2nd period - Off-side.
4:01 of 2nd period - Corey Trivino wins face-off versus Nicolas Petan in neutral zone.
4:29 of 2nd period - Snap shot by Corey Trivino.
4:29 of 2nd period - Shot Misses the Net.
4:31 of 2nd period - Snap shot by Corey Trivino.
4:31 of 2nd period - Stopped by Magnus Hellberg with a rebound.
4:33 of 2nd period - Wrist shot by Andrei Mironov.
4:33 of 2nd period - Deflect By Nick Ritchie.
4:33 of 2nd period - Shot Misses the Net.
4:33 of 2nd period - Puck is out of play.
4:34 of 2nd period - Dominik Kahun wins face-off versus Peter Holland in Moose zone.
4:39 of 2nd period - Slapshot by Peter Holland.
4:39 of 2nd period - Stopped by Magnus Hellberg without a rebound.
4:40 of 2nd period - Peter Holland wins face-off versus Dominik Kahun in Moose zone.
5:03 of 2nd period - Icing by Troy Stetcher.
5:04 of 2nd period - Dominik Kahun wins face-off versus Corey Trivino in Moose zone.
5:09 of 2nd period - Corey Trivino is hit by Dwight King and loses puck.
5:31 of 2nd period - Off-side.
5:32 of 2nd period - Peter Holland wins face-off versus Cedric Paquette in neutral zone.
5:36 of 2nd period - Off-side.
5:37 of 2nd period - Peter Holland wins face-off versus Dominik Kahun in neutral zone.
6:31 of 2nd period - Snap shot by Troy Stetcher.
6:31 of 2nd period - Shot Misses the Net.
6:45 of 2nd period - Nathan Walker is hit by Anthony Nigro.
8:12 of 2nd period - Wrist shot by Vince Hinostroza.
8:12 of 2nd period - Goal by Vince Hinostroza - Moose : 2 - Rocket : 3.
8:13 of 2nd period - Peter Holland wins face-off versus Dominik Kahun in neutral zone.
8:16 of 2nd period - Slapshot by Brian Dumoulin.
8:16 of 2nd period - Shot Blocked by Troy Stetcher.
8:18 of 2nd period - Slapshot by Brian Dumoulin.
8:18 of 2nd period - Shot Misses the Net.
8:20 of 2nd period - Wrist shot by Alex Petrovic.
8:20 of 2nd period - Stopped by Magnus Hellberg with a rebound.
8:22 of 2nd period - Snap shot by Adrian Kempe.
8:22 of 2nd period - Deflect By Peter Holland.
8:22 of 2nd period - Shot Misses the Net.
8:22 of 2nd period - Puck is out of play.
8:23 of 2nd period - Nikolaj Ehlers wins face-off versus Peter Holland in Moose zone.
8:52 of 2nd period - Snap shot by Adrian Kempe.
8:52 of 2nd period - Stopped by Magnus Hellberg without a rebound.
8:53 of 2nd period - Corey Trivino wins face-off versus Nicolas Petan in Moose zone.
8:54 of 2nd period - Snap shot by Nick Ritchie.
8:54 of 2nd period - Goal by Nick Ritchie - Moose : 2 - Rocket : 4.
8:54 of 2nd period - Joey Daccord enters game.
8:55 of 2nd period - Nikolaj Ehlers wins face-off versus Corey Trivino in neutral zone.
9:04 of 2nd period - Slapshot by Alex Petrovic.
9:04 of 2nd period - Deflect By Tom Wilson.
9:04 of 2nd period - Shot Misses the Net.
9:04 of 2nd period - Puck is out of play.
9:05 of 2nd period - Dominik Kahun wins face-off versus Corey Trivino in Moose zone.
9:05 of 2nd period - Dominik Kahun is hit by Tom Wilson.
9:17 of 2nd period - Snap shot by Vince Hinostroza.
9:17 of 2nd period - Deflect By Dominik Kahun.
9:17 of 2nd period - Stopped by Jean-Francois Berube with a rebound.
9:19 of 2nd period - Snap shot by Dominik Kahun.
9:19 of 2nd period - Shot Misses the Net.
10:06 of 2nd period - Off-side.
10:07 of 2nd period - Peter Holland wins face-off versus Nicolas Petan in neutral zone.
10:36 of 2nd period - Snap shot by Mattias Tedenby.
10:36 of 2nd period - Deflect By Tyler Pitlick.
10:36 of 2nd period - Goal by Tyler Pitlick - Moose : 2 - Rocket : 5.
10:37 of 2nd period - Nicolas Petan wins face-off versus Peter Holland in neutral zone.
10:39 of 2nd period - Off-side.
10:40 of 2nd period - Nicolas Petan wins face-off versus Peter Holland in neutral zone.
10:45 of 2nd period - Brian Dumoulin is hit by Vladislav Gavrikov and loses puck.
11:14 of 2nd period - Wrist shot by Mattias Tedenby.
11:14 of 2nd period - Goal by Mattias Tedenby - Moose : 2 - Rocket : 6.
11:15 of 2nd period - Dominik Kahun wins face-off versus Peter Holland in neutral zone.
11:41 of 2nd period - Nick Ritchie is hit by Iiro Pakarinen and loses puck.
11:50 of 2nd period - Wrist shot by Iiro Pakarinen.
11:50 of 2nd period - Stopped by Jean-Francois Berube without a rebound.
11:51 of 2nd period - Jonathan Matsumoto wins face-off versus Dominik Kahun in Rocket zone.
12:18 of 2nd period - Wrist shot by Dwight King.
12:18 of 2nd period - Stopped by Jean-Francois Berube with a rebound.
12:20 of 2nd period - Wrist shot by Dwight King.
12:20 of 2nd period - Shot Blocked by Andrei Mironov.
12:26 of 2nd period - Slapshot by Nicolas Petan.
12:26 of 2nd period - Shot Blocked by Nick Ritchie.
12:46 of 2nd period - Snap shot by Brendan Perlini.
12:46 of 2nd period - Stopped by Jean-Francois Berube without a rebound.
12:47 of 2nd period - Dominik Kahun wins face-off versus Mattias Tedenby in Rocket zone.
12:50 of 2nd period - Snap shot by Vince Hinostroza.
12:50 of 2nd period - Stopped by Jean-Francois Berube with a rebound.
13:13 of 2nd period - Iiro Pakarinen is hit by Peter Holland and loses puck.
13:38 of 2nd period - Brendan Perlini is hit by Andrey Pedan and loses puck.
14:44 of 2nd period - Off-side.
14:45 of 2nd period - Peter Holland wins face-off versus Nicolas Petan in neutral zone.
15:19 of 2nd period - Wrist shot by Nikolaj Ehlers.
15:19 of 2nd period - Stopped by Jean-Francois Berube without a rebound.
15:20 of 2nd period - Nicolas Petan wins face-off versus Jonathan Matsumoto in Rocket zone.
15:21 of 2nd period - Wrist shot by Iiro Pakarinen.
15:21 of 2nd period - Deflect By Nicolas Petan.
15:21 of 2nd period - Stopped by Jean-Francois Berube without a rebound.
15:22 of 2nd period - Nicolas Petan wins face-off versus Jonathan Matsumoto in Rocket zone.
15:27 of 2nd period - Wrist shot by Iiro Pakarinen.
15:27 of 2nd period - Shot Misses the Net.
15:49 of 2nd period - Snap shot by Peter Holland.
15:49 of 2nd period - Stopped by Joey Daccord without a rebound.
15:50 of 2nd period - Peter Holland wins face-off versus Dominik Kahun in Moose zone.
16:16 of 2nd period - Iiro Pakarinen is hit by Viktor Loov and loses puck.
16:37 of 2nd period - Josh Bailey is hit by Jonathan Matsumoto and loses puck.
17:02 of 2nd period - Snap shot by Nikolay Goldobin.
17:02 of 2nd period - Shot Misses the Net.
17:04 of 2nd period - Slapshot by Ludwig Bystrom.
17:04 of 2nd period - Stopped by Jean-Francois Berube without a rebound.
17:05 of 2nd period - Dominik Kahun wins face-off versus Corey Trivino in Rocket zone.
17:20 of 2nd period - Wrist shot by Dominik Kahun.
17:20 of 2nd period - Shot Misses the Net.
17:30 of 2nd period - Tom Wilson is hit by Cedric Paquette and loses puck.
17:54 of 2nd period - Slapshot by Alex Petrovic.
17:54 of 2nd period - Stopped by Joey Daccord with a rebound.
17:56 of 2nd period - Slapshot by Brian Dumoulin.
17:56 of 2nd period - Goal by Brian Dumoulin - Moose : 2 - Rocket : 7.
17:57 of 2nd period - Peter Holland wins face-off versus Dominik Kahun in neutral zone.
18:47 of 2nd period - Wrist shot by Nick Ritchie.
18:47 of 2nd period - Deflect By Corey Trivino.
18:47 of 2nd period - Goal by Corey Trivino - Moose : 2 - Rocket : 8.
18:47 of 2nd period - Magnus Hellberg enters game.
18:48 of 2nd period - Dominik Kahun wins face-off versus Peter Holland in neutral zone.
18:51 of 2nd period - Snap shot by Vince Hinostroza.
18:51 of 2nd period - Shot Blocked by Alex Petrovic.
18:53 of 2nd period - Snap shot by Dominik Kahun.
18:53 of 2nd period - Deflect By Nikolaj Ehlers.
18:53 of 2nd period - Goal by Nikolaj Ehlers - Moose : 3 - Rocket : 8.
18:54 of 2nd period - Peter Holland wins face-off versus Dominik Kahun in neutral zone.
19:05 of 2nd period - Snap shot by Danton Heinen.
19:05 of 2nd period - Stopped by Magnus Hellberg with a rebound.
19:07 of 2nd period - Wrist shot by Danton Heinen.
19:07 of 2nd period - Stopped by Magnus Hellberg with a rebound.
19:09 of 2nd period - Wrist shot by Adrian Kempe.
19:09 of 2nd period - Shot Misses the Net.
19:19 of 2nd period - Wrist shot by Jonathan Matsumoto.
19:19 of 2nd period - Shot Blocked by Troy Stetcher.
19:21 of 2nd period - Slapshot by Mattias Tedenby.
19:21 of 2nd period - Stopped by Magnus Hellberg without a rebound.
19:22 of 2nd period - Nicolas Petan wins face-off versus Jonathan Matsumoto in Moose zone.
Goals for this period are 2 for Moose vs 5 for Rocket.
Shots for this period are 13 for Moose vs 18 for Rocket.
3rd period
0:01 of 3rd period - Adrian Kempe wins face-off versus Vince Hinostroza in neutral zone.
0:04 of 3rd period - Snap shot by Adrian Kempe.
0:04 of 3rd period - Shot Misses the Net.
0:14 of 3rd period - Wrist shot by Nikolaj Ehlers.
0:14 of 3rd period - Shot Misses the Net.
0:50 of 3rd period - Mattias Tedenby is hit by Brendan Perlini and loses puck.
0:57 of 3rd period - Wrist shot by Cedric Paquette.
0:57 of 3rd period - Stopped by Jean-Francois Berube with a rebound.
1:15 of 3rd period - Slapshot by Nikolay Goldobin.
1:15 of 3rd period - Shot Misses the Net.
1:30 of 3rd period - Off-side.
1:31 of 3rd period - Dominik Kahun wins face-off versus Adrian Kempe in neutral zone.
1:34 of 3rd period - Wrist shot by Nikolaj Ehlers.
1:34 of 3rd period - Shot Misses the Net.
1:36 of 3rd period - Slapshot by Matthew Benning.
1:36 of 3rd period - Shot Misses the Net.
1:38 of 3rd period - Snap shot by Dominik Kahun.
1:38 of 3rd period - Stopped by Jean-Francois Berube with a rebound.
1:40 of 3rd period - Snap shot by Dominik Kahun.
1:40 of 3rd period - Stopped by Jean-Francois Berube with a rebound.
1:42 of 3rd period - Slapshot by Nikolaj Ehlers.
1:42 of 3rd period - Shot Misses the Net.
1:44 of 3rd period - Snap shot by Vince Hinostroza.
1:44 of 3rd period - Stopped by Jean-Francois Berube with a rebound.
1:46 of 3rd period - Snap shot by Vince Hinostroza.
1:46 of 3rd period - Shot Misses the Net.
1:57 of 3rd period - Peter Holland and Cedric Paquette fight to a draw.
1:57 of 3rd period - Penalty to Peter Holland for Fighting.
1:57 of 3rd period - Penalty to Cedric Paquette for Fighting.
1:58 of 3rd period - Corey Trivino wins face-off versus Dominik Kahun in Rocket zone.
2:25 of 3rd period - Vladislav Gavrikov is hit by Adrian Kempe and loses puck.
2:32 of 3rd period - Snap shot by Danton Heinen.
2:32 of 3rd period - Shot Blocked by Iiro Pakarinen.
2:34 of 3rd period - Wrist shot by Andrei Mironov.
2:34 of 3rd period - Deflect By Adrian Kempe.
2:34 of 3rd period - Shot Blocked by Vladislav Gavrikov.
2:34 of 3rd period - Puck is out of play.
2:35 of 3rd period - Jonathan Matsumoto wins face-off versus Dominik Kahun in Moose zone.
2:46 of 3rd period - Wrist shot by Mattias Tedenby.
2:46 of 3rd period - Stopped by Magnus Hellberg without a rebound.
2:47 of 3rd period - Corey Trivino wins face-off versus Dominik Kahun in Moose zone.
3:12 of 3rd period - Vladislav Gavrikov is hit by Adrian Kempe and loses puck.
3:17 of 3rd period - Wrist shot by Adrian Kempe.
3:17 of 3rd period - Stopped by Magnus Hellberg with a rebound.
3:23 of 3rd period - Wrist shot by Adrian Kempe.
3:23 of 3rd period - Shot Blocked by Dwight King.
3:29 of 3rd period - Minor Penalty to Vladislav Gavrikov for Tripping.
3:30 of 3rd period - Jonathan Matsumoto wins face-off versus Nikolay Goldobin in Moose zone.
4:05 of 3rd period - Snap shot by Corey Trivino.
4:05 of 3rd period - Deflect By Nick Ritchie.
4:05 of 3rd period - Stopped by Magnus Hellberg without a rebound.
4:06 of 3rd period - Dominik Kahun wins face-off versus Corey Trivino in Moose zone.
4:25 of 3rd period - Slapshot by Andrei Mironov.
4:25 of 3rd period - Stopped by Magnus Hellberg with a rebound.
4:31 of 3rd period - Andrei Mironov is hit by Troy Stetcher and loses puck.
5:29 of 3rd period - Penalty to Vladislav Gavrikov is over, Vladislav Gavrikov is back on ice.
6:23 of 3rd period - Nathan Walker is hit by Tom Wilson and loses puck.
7:57 of 3rd period - Cedric Paquette is hit by Nick Ritchie and loses puck.
8:37 of 3rd period - Minor Penalty to Vladislav Gavrikov for Roughing.
8:38 of 3rd period - Peter Holland wins face-off versus Cedric Paquette in Moose zone.
8:42 of 3rd period - Slapshot by Peter Holland.
8:42 of 3rd period - Shot Misses the Net.
10:37 of 3rd period - Penalty to Vladislav Gavrikov is over, Vladislav Gavrikov is back on ice.
11:45 of 3rd period - Minor Penalty to Vince Hinostroza for Interference.
11:46 of 3rd period - Cedric Paquette wins face-off versus Peter Holland in Moose zone.
13:35 of 3rd period - Dominik Kahun is hit by Jiri Sekac and loses puck.
13:45 of 3rd period - Penalty to Vince Hinostroza is over, Vince Hinostroza is back on ice.
14:24 of 3rd period - Anthony Nigro is hit by Cedric Paquette and loses puck.
14:51 of 3rd period - Icing by Nikolay Goldobin.
14:52 of 3rd period - Mitchell Stephens wins face-off versus Peter Holland in Moose zone.
16:09 of 3rd period - Snap shot by Adrian Kempe.
16:09 of 3rd period - Stopped by Magnus Hellberg with a rebound.
16:25 of 3rd period - Brian Dumoulin is hit by Vince Hinostroza and loses puck.
16:36 of 3rd period - Wrist shot by Nikolaj Ehlers.
16:36 of 3rd period - Shot Misses the Net.
16:53 of 3rd period - Alex Petrovic is hit by Josh Bailey.
17:10 of 3rd period - Minor Penalty to Danton Heinen for Hooking.
17:11 of 3rd period - Anthony Nigro wins face-off versus Vince Hinostroza in Rocket zone.
17:11 of 3rd period - Anthony Nigro is hit by Ludwig Bystrom.
17:16 of 3rd period - Vince Hinostroza is hit by Anthony Nigro.
17:48 of 3rd period - Slapshot by Troy Stetcher.
17:48 of 3rd period - Shot Misses the Net.
17:50 of 3rd period - Slapshot by Ludwig Bystrom.
17:50 of 3rd period - Deflect By Mattias Tedenby.
17:50 of 3rd period - Stopped by Jean-Francois Berube without a rebound.
17:51 of 3rd period - Dominik Kahun wins face-off versus Jonathan Matsumoto in Rocket zone.
17:52 of 3rd period - Slapshot by Dwight King.
17:52 of 3rd period - Shot Misses the Net.
19:10 of 3rd period - Penalty to Danton Heinen is over, Danton Heinen is back on ice.
19:27 of 3rd period - Snap shot by Nick Ritchie.
19:27 of 3rd period - Shot Misses the Net.
19:29 of 3rd period - Snap shot by Nick Ritchie.
19:29 of 3rd period - Stopped by Magnus Hellberg without a rebound.
19:30 of 3rd period - Peter Holland wins face-off versus Cedric Paquette in Moose zone.
19:43 of 3rd period - Wrist shot by Peter Holland.
19:43 of 3rd period - Deflect By Danton Heinen.
19:43 of 3rd period - Shot Misses the Net.
19:43 of 3rd period - Puck is out of play.
19:44 of 3rd period - Corey Trivino wins face-off versus Vince Hinostroza in Moose zone.
19:47 of 3rd period - Backhand shot by Nick Ritchie.
19:47 of 3rd period - Stopped by Magnus Hellberg without a rebound.
19:48 of 3rd period - Corey Trivino wins face-off versus Dominik Kahun in Moose zone.
19:55 of 3rd period - Snap shot by Tom Wilson.
19:55 of 3rd period - Stopped by Magnus Hellberg without a rebound.
19:56 of 3rd period - Dominik Kahun wins face-off versus Peter Holland in Moose zone.
19:56 of 3rd period - Dominik Kahun is hit by Brian Dumoulin.
Goals for this period are 0 for Moose vs 0 for Rocket.
Shots for this period are 5 for Moose vs 8 for Rocket.